 Dungeon Sprint DCSS version 0.17-a0-129-g9432df0 (webtiles) character file.

48 Ololoev the Destroyer (level 7, -4/41 HPs)
             Began as a High Elf Fire Elementalist on Mar 24, 2015.
             Was an Elder of Vehumet.
             Slain by a water elemental (14 damage)
             ... in the Dungeon (Sprint VI: "Thunderdome").
             The game lasted 00:05:35 (549 turns).

Ololoev the Destroyer (High Elf Fire Elementalist)   Turns: 549, Time: 00:05:36

Health: -4/41      AC:  2    Str:  7    XL:     7   Next: 18%
Magic:  12/24      EV: 12    Int: 22    God:    Vehumet [****..]
Gold:   280        SH:  0    Dex: 15    Spells: 3 memorised, 8 levels left

rFire  . . .     SeeInvis .     (no weapon)
rCold  . . .     Clarity  .     a - +0 robe
rNeg   . . .     SustAb   .     (no shield)
rPois  .         Gourm    .     (no helmet)
rElec  .         Spirit   .     (no cloak)
rCorr  .         Warding  .     (no gloves)
rMut   .         NoTele   +     (no boots)
MR     .....                    (no amulet)
Stlth  ++........               (no ring)
                                (no ring)

@: not resistant to hostile enchantments, unstealthy
A: no striking features
a: Renounce Religion


You were in the Dungeon.
You worshipped Vehumet.
Vehumet was greatly pleased with you.
You were not hungry.

You visited 1 branch You collected 280 gold pieces.

Notes
Turn   | Place    | Note
--------------------------------------------------------------
     0 | D        | Ololoev, the High Elf Fire Elementalist, began the quest for the Orb.
     0 | D        | Reached XP level 1. HP: 11/11 MP: 4/4
     1 | D        | Found an opulent altar of Gozag.
     2 | D        | Found a shadowy altar of Dithmenos.
     2 | D        | Found a shimmering altar of Xom.
     3 | D        | Found a deep blue altar of Sif Muna.
     3 | D        | Found a radiant altar of Vehumet.
     4 | D        | Found Zithrasch's Bottled Wisdom.
     4 | D        | Found Qiwn's Do-It-Yourself Clinic.
     5 | D        | Found Voyc's Weapon Rack.
     5 | D        | Round 1.
     8 | D        | Found Ystrogoip's Distillery.
     9 | D        | Found a burning altar of Makhleb.
    10 | D        | Found Clurghom's Distillery.
    24 | D        | Found a sacrificial altar of Ru.
    26 | D        | Found a stormy altar of Qazlal.
    28 | D        | Found an iron altar of Okawaru.
    28 | D        | Found Prawnacs' Staff Store.
    28 | D        | Found Kuneaph's Must-Have Magic.
    29 | D        | Found a bloodstained altar of Trog.
    30 | D        | Found an ancient bone altar of Kikubaaqudgha.
    30 | D        | Found a corrupted altar of Lugonu.
    30 | D        | Found Xeaves' Magic Scroll Shop.
    30 | D        | Found Blaighaona's Magic Scroll Shop.
    49 | D        | Found a glowing golden altar of the Shining One.
    49 | D        | Found Cryangya's Bee Food.
    49 | D        | Found Xujeosch's Jewellery.
    50 | D        | Found a basalt altar of Yredelemnul.
    51 | D        | Found Udoklugg's Advanced Armour.
    51 | D        | Found a blossoming altar of Fedhas.
    51 | D        | Found Cheqirupt's Identification Station.
    56 | D        | Found a viscous altar of Jiyva.
    58 | D        | Found a glowing silver altar of Zin.
    59 | D        | Found a snail-covered altar of Cheibriados.
    59 | D        | Found Veacosk's Premium Goods.
    61 | D        | Found Myissur's Miscellaneous Merchandise.
    63 | D        | Found Guar Ent's Basic Armour.
    70 | D        | Became a worshipper of Vehumet
   126 | D        | Noticed a necrophage
   161 | D        | Killed a necrophage
   161 | D        | Acquired Vehumet's first power
   161 | D        | Offered knowledge of Sting by Vehumet.
   161 | D        | Reached skill level 4 in Spellcasting
   161 | D        | Reached skill level 5 in Conjurations
   161 | D        | Reached skill level 6 in Fire Magic
   161 | D        | Reached XP level 2. HP: 9/17 MP: 0/9
   161 | D        | Reached XP level 3. HP: 11/21 MP: 0/12
   161 | D        | Reached XP level 4. HP: 14/27 MP: 0/15
   166 | D        | Learned a level 3 spell: Conjure Flame
   171 | D        | Learned a level 4 spell: Sticky Flame
   194 | D        | Arena points: 5 (+5) [x1]
   209 | D        | Round 2.
   293 | D        | Reached skill level 5 in Spellcasting
   304 | D        | Reached skill level 7 in Conjurations
   304 | D        | Reached XP level 5. HP: 31/31 MP: 14/18
   317 | D        | Learned a level 5 spell: Fireball
   357 | D        | Offered knowledge of Shock by Vehumet.
   359 | D        | Arena points: 33 (+28) [x2]
   381 | D        | Round 3.
   439 | D        | Noticed a wraith
   441 | D        | Acquired Vehumet's second power
   456 | D        | Killed a wraith
   456 | D        | Reached skill level 9 in Conjurations
   456 | D        | Reached XP level 6. HP: 32/36 MP: 4/21
   464 | D        | Noticed a wraith
   513 | D        | Arena points: 48 (+15) [x1]
   528 | D        | Round 4.
   540 | D        | Noticed a water elemental
   541 | D        | Noticed a water elemental
   546 | D        | Offered knowledge of Stone Arrow by Vehumet.
   546 | D        | Acquired Vehumet's third power
   546 | D        | Reached skill level 10 in Conjurations
   548 | D        | Killed a water elemental
   548 | D        | Reached skill level 11 in Conjurations
   548 | D        | Reached skill level 10 in Fire Magic
   548 | D        | Reached XP level 7. HP: 10/41 MP: 12/24
   549 | D        | Slain by a water elemental

Inventory:

Armour
 a - a +0 robe (worn)
Magical devices
 j - a wand of cold (5)
 k - a wand of fire (1)
Scrolls
 i - 4 scrolls of blinking
 l - 3 scrolls of fog
Potions
 d - a potion of curing
 e - 4 potions of heal wounds
 f - 4 potions of haste
 g - 2 potions of magic
 h - a potion of berserk rage
 m - 2 potions of resistance
Comestibles
 c - a bread ration

Table legend:
 A = Turns spent in this place as a percentage of turns spent in the entire game.
 B = Non-inter-level travel turns spent in this place as a percentage of non-inter-level travel turns spent in the entire game.
 C = Inter-level travel turns spent in this place as a percentage of turns spent in this place.
 D = Turns resting spent in this place as a percentage of non-inter-level travel turns spent in this place.
 E = Turns spent auto-exploring this place as a percentage of non-inter-level travel turns spent in this place.
 F = Non-inter-level travel turns spent in this place divided by the number of levels of this place that you've seen.
                   A       B       C       D       E      F
               +-------+-------+-------+-------+-------+----------------------
         Total | 100.0 | 100.0 |   0.0 |  14.9 |   0.0 | 296.0
       Dungeon | 100.0 | 100.0 |   0.0 |  14.9 |   0.0 | 296.0
               +-------+-------+-------+-------+-------+----------------------


   Skills:
 - Level 2.1 Dodging
 - Level 2.1 Stealth
 + Level 7.1 Spellcasting
 * Level 11.0 Conjurations
 * Level 10.5 Fire Magic


You had 8 spell levels left.
You knew the following spells:

 Your Spells              Type           Power        Failure   Level  Hunger
b - Conjure Flame         Conj/Fire      ######..     1%          3    None
c - Sticky Flame          Conj/Fire      ######..     1%          4    ###....
d - Fireball              Conj/Fire      ######....   1%          5    #####..


Dungeon Overview and Level Annotations

Branches:
Dungeon (1/1)

Altars:
Cheibriados
Dithmenos
Fedhas
Gozag
Kikubaaqudgha
Makhleb
Okawaru
Qazlal
Ru
Sif Muna
Trog
Vehumet
Xom
Yredelemnul
Zin
The Shining One
Jiyva
Lugonu

Shops:
D *[%??*?*:[((!!!!


Message History

Confirm with . or Enter, or press ? or * to list all spells.
Aiming: Conjure Flame
Press: ? - help, Dir - move target cursor The fire roars!
Casting: Conjure Flame
Confirm with . or Enter, or press ? or * to list all spells.
Aiming: Fireball
Press: ? - help, Shift-Dir - straight line, f - ice beast
Aim: an ice beast The fireball explodes!
The fireball engulfs the ice beast.
The ice beast melts!
You kill the ice beast!
Vehumet accepts your kill.
Vehumet offers you knowledge of Stone Arrow.
Vehumet is extending the range of your destructive magics.
You feel your power returning.
Your Conjurations skill increases to level 10!
The fireball engulfs the water elemental.
The water elemental is burned terribly!
The water elemental is moderately damaged.
Unknown command.
The water elemental is engulfed in roaring flames.
The water elemental hits you!
The water elemental engulfs you in water!
Unknown command.
You hit the water elemental but do no damage.
The water elemental is heavily damaged.
Your lungs strain for air!
The water elemental is engulfed in roaring flames.
The water elemental hits you!
The water elemental is engulfed in roaring flames.
You destroy the water elemental!
Your Spellcasting skill increases to level 7!
Your Conjurations skill increases to level 11!
Your Fire Magic skill increases to level 10!
You have reached level 7!
An ice beast comes into view.
You gasp with relief as air once again reaches your lungs.
The water elemental is engulfed in roaring flames.
The water elemental hits you!
You die...

#_......._# ###..Z......###
#⌠...........⌠#
######.8........Y8.######
##∩_........###........_∩##
###∩........8.# #.8........∩###
##.............###.E...........##
#⌠..........###§.E###..........⌠#
#⌠..........# #.@.# #..........⌠#
#⌠..........###...###..........⌠#
##.............###.............##
###∩.......÷8.# #.8........∩###
##∩.__......###......___∩##
######.8.........8.######
#⌠...........⌠# ###.........###
#_........#


You could see 2 water elementals and an ice beast.

Table legend:
 A = Kills in this place as a percentage of kills in entire the game.
 B = Kills by you in this place as a percentage of kills by you in the entire game.
 C = Kills by friends in this place as a percentage of kills by friends in the entire game.
 D = Other kills in this place as a percentage of other kills in the entire game.
 E = Experience gained in this place as a percentage of experience gained in the entire game.
 F = Experience gained in this place divided by the number of levels of this place that you have seen.
                   A       B       C       D       E      F
               +-------+-------+-------+-------+-------+----------------------
         Total | 100.0 | 100.0 |  -nan |  -nan | 100.0 | 863.0
       Dungeon | 100.0 | 100.0 |  -nan |  -nan | 100.0 | 863.0
               +-------+-------+-------+-------+-------+----------------------

Vanquished Creatures
  A water elemental (D)
  A wraith (D)
  An ice beast (D)
  A necrophage (D)
  3 jellies (D)
  2 spectral adders (D)
  3 oozes (D)
  A bat zombie (D)
  A ball python zombie (D)
  A giant gecko zombie (D)
  A spectral giant gecko (D)
16 creatures vanquished.

Action                   |  1- 3 |  4- 6 |  7- 9 || total
-------------------------+-------+-------+-------++-------
Melee: Unarmed           |       |     1 |       ||     1
 Cast: Flame Tongue      |    10 |    20 |       ||    30
       Fireball          |       |     4 |       ||     4
       Sticky Flame      |       |     1 |       ||     1
       Conjure Flame     |       |     2 |       ||     2
Evoke: Wand              |     1 |     3 |       ||     4

Vault maps used:
D:        arena_sprint
